 Dungeon Crawl Stone Soup version 0.28.0-45-g0d030f2227 (webtiles) character file.

Game seed: 8550053324880410814

29297 pkoi the Zephyrmancer (level 12, -5/100 HPs)
             Began as a Demigod Air Elementalist on Apr 5, 2022.
             Killed from afar by a bog body (21 damage)
             ... with a bolt of cold
             ... on level 4 of the Lair of Beasts.
             The game lasted 00:35:40 (27490 turns).

pkoi the Zephyrmancer (Demigod Air Elementalist)   Turns: 27490, Time: 00:35:41

Health: -5/100     AC: 10    Str: 13    XL:     12   Next: 82%
Magic:  2/28       EV: 16    Int: 47    God:
Gold:   805        SH:  0    Dex: 18    Spells: 14/27 levels left

rFire   . . .      SeeInvis +   C - +6 short sword (spect)
rCold   . . .      Faith    .   (no shield)
rNeg    + . .      Spirit   .   h - +4 robe of Augmentation {Str+4 Int+4 Dex+4}
rPois   +          Reflect  .   F - +2 hat {SInv}
rElec   .          Harm     .   n - +0 cloak
rCorr   .          Rampage  .   s - +0 pair of gloves of Dramatic Exits {rN+ Int+4}
Will    +....                   (no boots)
Stlth   ++........              j - amulet of regeneration
HPRegen 1.06/turn               a - +6 ring of intelligence
MPRegen 0.21/turn               w - ring of poison resistance

@: slowed, very slow
A: high MP 1, forlorn, divine attributes
a: no special abilities


You were on level 4 of the Lair of Beasts.
You visited 3 branches of the dungeon, and saw 15 of its levels.

You collected 805 gold pieces.

Inventory:

Hand Weapons
 b - a +0 whip
 d - a +0 dagger of protection
 k - a +2 dagger of venom
 q - the +8 rapier of Destiny {pain, Will+ Str+3}
   (You found it on level 4 of the Lair of Beasts)

   In the hands of one skilled in necromantic magic, it inflicts extra damage on
   living creatures.
   Str:       It affects your strength (+3).
   Will:      It increases your willpower.
 C - a +6 spectral short sword (weapon)
Missiles
 l - 51 poisoned darts
 o - 2 throwing nets
 r - 8 curare-tipped darts
Armour
 h - the +4 robe of Augmentation (worn) {Str+4 Int+4 Dex+4}
   (You found it on level 2 of the Dungeon)

   Str:       It affects your strength (+4).
   Int:       It affects your intelligence (+4).
   Dex:       It affects your dexterity (+4).
 n - a +0 cloak (worn)
 s - the +0 pair of gloves of Dramatic Exits (worn) {rN+ Int+4}
   (You acquired it on level 6 of the Dungeon)

   Int:       It affects your intelligence (+4).
   rN:        It protects you from negative energy.
 F - a +2 hat of see invisible (worn)
Jewellery
 a - a +6 ring of intelligence (left hand)
 j - an amulet of regeneration (around neck)
 w - a ring of poison resistance (right hand)
 y - a ring of resist corrosion
 z - a ring of wizardry
Wands
 m - a wand of polymorph (9)
 u - a wand of digging (6)
 v - a wand of iceblast (14)
 x - a wand of charming (3)
 B - a wand of paralysis (7)
Scrolls
 f - a scroll of summoning
 i - 3 scrolls of identify
 t - 3 scrolls of enchant weapon
 G - 4 scrolls of teleportation
 H - a scroll of enchant armour
 I - a scroll of brand weapon
 L - a scroll of blinking
Potions
 c - 3 potions of curing
 e - a potion of cancellation
 g - a potion of ambrosia
 p - 3 potions of invisibility
 A - 3 potions of flight
 E - 4 potions of degeneration
 J - a potion of heal wounds
 K - a potion of brilliance


   Skills:
 + Level 7.2 Fighting
 + Level 6.5 Short Blades
 + Level 7.4 Dodging
 - Level 1.7 Stealth
 + Level 8.1 Spellcasting
 - Level 0.8 Conjurations
 - Level 6.4 Hexes
 - Level 6.3 Fire Magic
 + Level 11.8 Air Magic


You had 14 spell levels left.
You knew the following spells:

 Your Spells              Type           Power      Damage    Failure   Level
a - Shock                 Conj/Air       100%       1d9       1%          1
b - Static Discharge      Conj/Air       68%        N/A       1%          2
c - Swiftness             Air            92%        N/A       1%          3
d - Airstrike             Air            46%        N/A       1%          4
e - Inner Flame           Hex/Fire       68%        N/A       1%          3

Your spell library contained the following spells:

 Spells                   Type           Power      Damage    Failure   Level
 Animate Skeleton         Necr           38%        N/A       1%          1
 Pain                     Necr           76%        1d7       1%          1
 Slow                     Hex            100%       N/A       1%          1
 Ensorcelled Hibernation  Hex/Ice        98%        N/A       1%          2
 Scorch                   Fire           100%       2d10      1%          2
 Confusing Touch          Hex            68%        N/A       1%          3
 Cause Fear               Hex            34%        N/A       1%          4
 Anguish                  Hex/Necr       24%        N/A       3%          4
 Flame Wave               Conj/Fire      51%        2d10      3%          4
 Spider Form              Tmut/Pois      19%        N/A       4%          3
 Vampiric Draining        Necr           19%        2d7       4%          3
 Summon Cactus Giant      Summ           9%         N/A       90%         6
 Discord                  Hex            34%        N/A       99%         8
 Malign Gateway           Summ/Tloc      9%         N/A       100%        7
 Summon Horrible Things   Summ           9%         N/A       100%        8


Dungeon Overview and Level Annotations

Branches:
Dungeon (10/15)            Temple (1/1) D:7            Lair (4/6) D:10
  Snake (0/4) Lair:3
  Swamp: Lair:2-4    Shoals: Lair:2-4       Orc: D:9-12

Shops:
D:8 *   D:10 (

Annotations:
D:9 3 runed translucent doors, Selrock's ghost, novice DsBe
Lair:4 Kirke


Innate Abilities, Weirdness & Mutations

You have an increased reservoir of magic. (+10% MP)
You shall have no god before yourself.
Your divine heritage dramatically boosts your attributes as you level up.


Message History

You feel yourself slow down.
The air twists around and strikes the bog body!
The bog body is almost destroyed.
The bog body gestures at you while chanting.
You resist with some effort.
An electric eel comes into view.
The bog body points at you and mumbles some strange words.
You resist with some effort. The bog body casts a spell at you.
You feel as though you will be slow longer.
The bog body gestures at you while chanting.
The bolt of cold misses you.
Aiming: Airstrike (safe; 1% risk of failure)
Press: ? - help, Q - select action, (/) - cycle Dir - move target, f/p - bog body
Aim: a bog body (severely damaged, empty space bonus: 6/8)
The air twists around and strikes the bog body!!
You destroy the bog body!
Unknown command.
Aiming: Airstrike (safe; 1% risk of failure)
Press: ? - help, Q - select action, (/) - cycle Dir - move target, f - bog body
Aim: a bog body (empty space bonus: 6/8)
The air twists around and strikes the bog body!!
The bog body is heavily damaged.
The bog body points at you and mumbles some strange words.
The bolt of cold hits you!!
* * * LOW HITPOINT WARNING * * *
Unknown command.
The bog body touches you!
* * * LOW HITPOINT WARNING * * *
The bog body freezes you!!
* * * LOW HITPOINT WARNING * * *
The bog body casts a spell at you. The bolt of cold hits you!!
* * * LOW HITPOINT WARNING * * *
You hit the bog body.
The bog body is heavily damaged.
Your +6 spectral short sword hits the bog body!
The bog body points at you and mumbles some strange words.
The bolt of cold hits you!!
You die...

.................................
.................................
.†......###.##..#P....#.###..P.#.
.†.....## ####..###P..### #..####
........# ##...###..# ##..###.
.......## #....###..####....###
........######...##.....##....###
.................(...............
.....♣♣♣♣♣♣♣♣...@n...............
.♣♣♣♣♣♣♣♣♣♣♣♣♣♣♣♣♣......##.##.##.
♣♣ ≈≈≈≈≈≈≈≈≈≈≈♣♣♣...########.. ♣
♣.♣...♣...♣...⌠..# ### ♣
.nn.....♣.n...⌠..# ♣♣
≈≈S≈≈♣♣≈≈≈≈♣♣♣...# .♣♣ ♣♣♣♣
♣♣♣♣♣♣.....# ..### ♣......#..##
#.#.# ##P##P#...#


You could see a bog body and a friendly +6 spectral short sword (summoned).

Vanquished Creatures
  Gastronok (D:9)
  A boulder beetle (Lair:4)
  A hydra (Lair:2)
  Erica (D:9)
  A two-headed ogre (D:10)
  Urug (Lair:1)
  A death yak (D:10)
  An orange crystal statue (Lair:3)
  2 bog bodies (Lair:4)
  An orc knight (D:10)
  4 elephants (Lair:4)
  2 black mambas
  A gargoyle (D:10)
  Maggie (D:7)
  13 cane toads
  2 komodo dragons
  A shadow (D:10)
  6 wyverns
  39 yaks
  A wraith (D:9)
  A hog (Lair:4)
  3 basilisks
  A steam dragon (D:8)
  Edmund (D:5)
  A warg (D:10)
  A swamp worm (Lair:4)
  10 water moccasins
  A black bear (Lair:4)
  4 ogres
  7 orc warriors
  17 wolves
  4 centaurs
  3 kobold brigands
  8 bullfrogs
  A gnoll sergeant (D:9)
  5 scorpions
  2 jellies
  12 killer bees
  10 wights
  2 electric eels
  7 howler monkeys
  3 centaur zombies
  Crazy Yiuf (D:2)
  2 bullfrog zombies
  6 hounds
  4 lava snakes (Lair:3)
  6 orc priests
  2 bullfrog skeletons
  3 iguanas
  15 orc wizards
  2 hound skeletons (D:4)
  A howler monkey zombie (D:8)
  Robin (D:2)
  3 gnolls (D:9)
  10 adders
  A shadow imp (D:7)
  3 white imps
  An ufetubus (D:5)
  2 worms
  3 dart slugs
  45 orcs
  3 bats
  5 endoplasms
  3 giant cockroaches
  15 goblins
  9 hobgoblins
  6 jackals
  4 quokkas
  6 ball pythons
  5 frilled lizards
  20 kobolds
  4 rats
376 creatures vanquished.

Vanquished Creatures (collateral kills)
  A komodo dragon (Lair:3)
  A black bear (Lair:3)
  3 kobolds (D:8)
5 creatures vanquished.

Vanquished Creatures (others)
  21 fungi
  27 plants
48 creatures vanquished.

Grand Total: 429 creatures vanquished

Notes
Turn   | Place    | Note
-------+----------+-------------------------------------------
     0 | D:1      | pkoi the Demigod Air Elementalist began the quest for the
                  | Orb.
     0 | D:1      | Reached XP level 1. HP: 14/14 MP: 5/5
   248 | D:1      | Reached skill level 3 in Air Magic
   636 | D:1      | Reached XP level 2. HP: 20/20 MP: 1/7
  1529 | D:1      | Learned a level 2 spell: Static Discharge
  1673 | D:2      | Reached XP level 3. HP: 6/26 MP: 0/8
  2031 | D:2      | Reached skill level 4 in Air Magic
  2263 | D:2      | Identified the +1 robe of Xamefoxt {Int+2}
  2337 | D:2      | Found the +4 robe of Augmentation {Str+4 Int+4 Dex+4}
  2417 | D:2      | Found a runed translucent door.
  2418 | D:2      | Noticed Crazy Yiuf
  2997 | D:2      | Noticed Robin
  3002 | D:2      | Killed Robin
  3003 | D:2      | Reached XP level 4. HP: 32/33 MP: 2/9
  3464 | D:2      | Killed Crazy Yiuf
  3465 | D:2      | Reached skill level 5 in Air Magic
  3696 | D:3      | Reached XP level 5. HP: 38/38 MP: 1/10
  4019 | D:2      | Learned a level 3 spell: Swiftness
  4316 | D:3      | Reached skill level 6 in Air Magic
  4509 | D:3      | Reached XP level 6. HP: 45/45 MP: 4/12
  4573 | D:2      | Learned a level 4 spell: Airstrike
  6087 | D:4      | Reached XP level 7. HP: 50/50 MP: 9/15
  6301 | D:4      | Noticed an angel
  6302 | D:4      | Noticed an Executioner
  6539 | D:5      | Entered Level 5 of the Dungeon
  6603 | D:4      | Reached skill level 7 in Air Magic
  7395 | D:5      | Learned a level 3 spell: Inner Flame
  7432 | D:5      | Noticed Edmund
  7436 | D:5      | Killed Edmund
  7437 | D:5      | Reached skill level 5 in Spellcasting
  7437 | D:5      | Reached XP level 8. HP: 58/58 MP: 1/19
  7757 | D:5      | Reached skill level 1 in Fighting
  7757 | D:5      | Reached skill level 1 in Hexes
  7757 | D:5      | Reached skill level 1 in Fire Magic
  8158 | D:6      | Identified a scroll of acquirement
  8158 | D:6      | Acquired the +0 pair of gloves of Dramatic Exits {rN+
                  | Int+4}
  8714 | D:6      | Reached skill level 8 in Air Magic
  9596 | D:6      | Reached XP level 9. HP: 68/68 MP: 2/21
 10478 | D:7      | Noticed Maggie
 10483 | D:7      | Killed Maggie
 12008 | D:7      | Found a staircase to the Ecumenical Temple.
 12080 | Temple   | Entered the Ecumenical Temple
 13385 | D:8      | Found Dutavij's Elemental Accessories.
 13864 | D:8      | Reached XP level 10. HP: 78/78 MP: 18/23
 14043 | D:9      | Noticed Erica
 14049 | D:9      | Killed Erica
 14050 | D:9      | Reached skill level 1 in Short Blades
 14478 | D:9      | Reached skill level 9 in Air Magic
 15213 | D:9      | Noticed Gastronok
 15231 | D:9      | Killed Gastronok
 15232 | D:9      | Reached skill level 5 in Dodging
 15232 | D:9      | Reached skill level 5 in Hexes
 15968 | D:9      | Reached skill level 5 in Fighting
 16182 | D:9      | Found a runed translucent gate.
 16182 | D:9      | Noticed Selrock's ghost (novice DsBe)
 16184 | D:9      | Found a runed translucent gate.
 16185 | D:9      | Found a runed translucent gate.
 16448 | D:10     | Entered Level 10 of the Dungeon
 16465 | D:10     | Found Tim Fui's Weapon Emporium.
 16477 | D:10     | Reached skill level 5 in Fire Magic
 16647 | D:10     | Noticed a two-headed ogre
 16650 | D:10     | Noticed an orc knight
 16651 | D:10     | Killed a two-headed ogre
 17119 | D:10     | Reached XP level 11. HP: 88/88 MP: 10/25
 17294 | D:10     | Noticed a death yak
 17294 | D:10     | Noticed a death yak
 17382 | D:10     | Noticed a death yak
 17383 | D:10     | Noticed a death yak
 17383 | D:10     | Noticed a death yak
 18138 | D:10     | Noticed a two-headed ogre
 18138 | D:10     | Noticed a two-headed ogre
 18140 | D:10     | Killed an orc knight
 18554 | D:10     | Found a staircase to the Lair.
 19089 | D:10     | Killed a death yak
 19442 | Lair:1   | Entered Level 1 of the Lair of Beasts
 19574 | Lair:1   | Noticed Urug
 19579 | Lair:1   | Killed Urug
 20579 | Lair:1   | Reached skill level 10 in Air Magic
 21621 | Lair:2   | Noticed a six-headed hydra
 21628 | Lair:2   | Killed a six-headed hydra
 22001 | Lair:2   | Reached XP level 12. HP: 96/96 MP: 10/27
 23097 | Lair:3   | Reached skill level 11 in Air Magic
 23374 | Lair:3   | Reached skill level 5 in Short Blades
 24274 | Lair:3   | HP: 4/97 [poisoned by a black mamba]
 24739 | Lair:3   | Found a staircase to the Snake Pit.
 25422 | Lair:4   | Noticed a boulder beetle
 26861 | Lair:4   | Noticed Kirke
 26885 | Lair:4   | Identified the +8 rapier of Destiny {pain, Will+ Str+3}
 27349 | Lair:4   | Killed a boulder beetle
 27490 | Lair:4   | Killed from afar by a bog body

Illustrated notes

Levels and vault maps discovered:
D:1:      dpeg_arrival_concentric_ovals, layout_basic,
          shapermc_ecumenical_altar_mp_highgroup, nrook_mini_vaults,
          minivault_19, minmay_crystal_room
D:2:      layout_basic, basic_altar, uniq_crazy_yiuf_cottage, uniq_robin
D:3:      layout_loops_ring, mainiacjoe_overflow_chevrons,
          minmay_misc_feat_room, minmay_misc_feat_chi
D:4:      layout_cave_pools, grunt_temple_overflow_order_and_chaos_2,
          mainiacjoe_overflow_brackets, trog_hazing_becter,
          chequers_temple_overflow_statue_of_worship,
          nicolae_concentric_dashed_squares_mild
D:5:      layout_gridville, lemuel_coloured_pillars_altar, uniq_edmund
D:6:      layout_rooms, mainiacjoe_overflow_surrounded_room
D:7:      layout_basic, nicolae_sif_muna_condensation,
          minmay_temple_entry_overgrown, minivault_27,
          kennysheep_generic_room_9, uniq_maggie
D:8:      layout_rooms, nicolae_elemental_shop, grunt_ministairs_1,
          grunt_tough_drop
D:9:      layout_roguey, gammafunk_ghost_spectres, chequers_avenue,
          uniq_gastronok, uniq_erica
D:10:     layout_basic, mainiacjoe_overflow_cross_hatched, dpeg_lair_monsters,
          serial_shops, nicolae_shop_bloodbath_and_beyond, enter_bailey_2
Temple:   compressed_dpeg_triangle_lava_temple
Lair:1:   layout_cave_pods, serial_bayou_shore_a, uniq_urug
Lair:2:   gammafunk_indiana_jones, layout_loops_ring,
          infiniplex_staircase_pool_2
Lair:3:   layout_regular_city, dummy_snake_entry, disabler_island
Lair:4:   layout_small_grid, nicolae_swamp_entry_splash_gauntlet, basic_altar,
          uniq_kirke

Skill      XL: |  1  2  3  4  5  6  7  8  9 10 11 12 |
---------------+-------------------------------------+-----
Air Magic      | 3 4 5 6 7 8 9 10 11 | 11.8
Spellcasting   | 2 3 5 6 7 8 |  8.1
Dodging        | 2 3 4 5 6 7 |  7.4
Fighting       | 2 4 5 6 7 |  7.2
Hexes          | 2 4 5 6 |  6.4
Fire Magic     | 2 4 5 6 |  6.3
Short Blades   | 2 4 6 |  6.5
Stealth        | |  1.7
Conjurations   | |  0.8

Action                   |  1- 3 |  4- 6 |  7- 9 | 10-12 || total
-------------------------+-------+-------+-------+-------++-------
Melee: Dagger            |     7 |     6 |    17 |       ||    30
       Short sword       |       |       |       |    95 ||    95
Throw: Dart              |       |       |       |     7 ||     7
 Cast: Shock             |    94 |   169 |     9 |     2 ||   274
       Airstrike         |       |       |   138 |   275 ||   413
       Static Discharge  |       |       |     6 |     8 ||    14
       Inner Flame       |       |       |    15 |    53 ||    68
       Swiftness         |       |       |       |     2 ||     2
  Use: Scroll            |       |     5 |     9 |     9 ||    23
       Potion            |       |     1 |     1 |     1 ||     3
 Stab: Distracted        |       |       |       |     3 ||     3
Armor: Robe              |     7 |    20 |    22 |    23 ||    72
Dodge: Dodged            |    20 |    25 |    39 |    95 ||   179
